 Dungeon Crawl Stone Soup version 0.28.0-47-ge53b351184 (webtiles) character file.

Game seed: 5755497561364947011

8803 promet the Covert (level 11, -8/67 HPs)
             Began as a Kobold Cinder Acolyte on May 6, 2022.
             Was an Initiate of Vehumet.
             Mangled by a boulder beetle (18 damage)
             ... on level 10 of the Dungeon.
             The game lasted 01:38:47 (11555 turns).

promet the Covert (Kobold Cinder Acolyte)          Turns: 11555, Time: 01:38:47

Health: -8/67      AC:  5    Str: 17    XL:     11   Next: 62%
Magic:  22/23      EV: 17    Int: 21    God:    Vehumet [......]
Gold:   201        SH:  0    Dex: 10    Spells: 7/26 levels left

rFire   . . .      SeeInvis +   a - +9 quick blade
rCold   . . .      Faith    .   (no shield)
rNeg    . . .      Spirit   .   O - +0 robe of Ornamental Mirth {rElec rPois Stlth+}
rPois   +          Reflect  .   u - +0 helmet
rElec   +          Harm     .   c - +0 cloak
rCorr   .          Rampage  .   (no gloves)
Will    .....                   f - +0 pair of boots
Stlth   ++++++....              d - amulet of regeneration
HPRegen 1.01/turn               N - ring of see invisible
MPRegen 0.18/turn               V - +6 ring of strength

@: about to teleport, fire susceptible
A: small, no large weapons, nightstalker 3
a: Renounce Religion


You were on level 10 of the Dungeon.
You worshipped Vehumet.
Vehumet was noncommittal.
You visited 2 branches of the dungeon, and saw 11 of its levels.

You collected 483 gold pieces.
You spent 282 gold pieces at shops.

Inventory:

Hand Weapons
 a - a +9 quick blade (weapon)
 b - a +0 hunting sling
 m - a +4 flail of protection
 n - a +2 dagger of venom
 s - a +3 trident
 E - a +0 hand crossbow
 H - a +1 vorpal flail
 T - a +0 hand axe of flaming
 U - a +0 broad axe
 X - a +1 whip of draining
 Z - a +7 falchion of freezing
Missiles
 e - 123 bolts
 g - 172 arrows
 j - 6 curare-tipped darts
 k - 393 stones (quivered)
 q - 80 sling bullets
 y - 26 poisoned darts
 D - 11 atropa-tipped darts
 G - a throwing net
 S - 3 boomerangs
Armour
 c - a +0 cloak (worn)
 f - a +0 pair of boots (worn)
 p - a +0 robe
 u - a +0 helmet (worn)
 x - a +0 scale mail of willpower
 z - +0 acid dragon scales
 I - a +2 chain mail of cold resistance
 J - a +1 robe of resistance
 M - a +2 robe of the Archmagi
 O - the +0 robe of Ornamental Mirth (worn) {rElec rPois Stlth+}
   (You bought it in a shop on level 2 of the Dungeon)

   rElec:     It insulates you from electricity.
   rPois:     It protects you from poison.
   Stlth:     It makes you more stealthy.
Jewellery
 d - an amulet of regeneration (around neck)
 r - a ring of poison resistance
 v - a ring of resist corrosion
 F - a ring of fire
 N - a ring of see invisible (left hand)
 V - a +6 ring of strength (right hand)
Wands
 t - a wand of mindburst (12)
 C - a wand of iceblast (11)
 L - a wand of digging (8)
 P - a wand of paralysis (7)
 Q - a wand of flame (24)
Scrolls
 h - 3 scrolls of fog
 A - 6 scrolls of identify
 B - a scroll of enchant weapon
 K - 2 scrolls of fear
 W - a scroll of amnesia
Potions
 i - a potion of berserk rage
 l - a potion of mutation {unknown}
 o - a potion of curing
 w - 2 potions of brilliance
 R - a potion of might


   Skills:
 + Level 7.2 Fighting
 + Level 9.0 Short Blades
 + Level 1.2 Maces & Flails
 + Level 1.3 Slings
 + Level 0.1 Crossbows
 * Level 8.4 Dodging
 + Level 10.8 Stealth
 + Level 8.3 Spellcasting
 + Level 1.3 Conjurations
 + Level 1.4 Summonings
 + Level 6.5 Fire Magic
 + Level 1.9 Air Magic
 + Level 2.2 Evocations


You had 7 spell levels left.
You knew the following spells:

 Your Spells              Type           Power      Damage    Failure   Level
a - Shock                 Conj/Air       60%        1d6       4%          1
b - Scorch                Fire           72%        2d8       1%          2
c - Conjure Flame         Conj/Fire      25%        6-21      4%          3
d - Call Imp              Summ           14%        N/A       6%          2
e - Magic Dart            Conj           56%        1d5       4%          1
f - Swiftness             Air            16%        N/A       11%         3
g - Mephitic Cloud        Conj/Pois/Air  13%        N/A       16%         3
h - Airstrike             Air            8%         N/A       34%         4

Your spell library contained the following spells:

 Spells                   Type           Power      Damage    Failure   Level
 Ignite Poison            Fire/Tmut/Pois 17%        N/A       10%         3
 Sticky Flame             Conj/Fire      25%        2d5       16%         4
 Alistair's Intoxication  Tmut/Pois      5%         N/A       91%         5
 Borgnjor's Vile Clutch   Necr/Erth      4%         N/A       91%         5
 Eringya's Noxious Bog    Tmut/Pois      4%         N/A       100%        6


Dungeon Overview and Level Annotations

Branches:
Dungeon (10/15)            Temple (1/1) D:7            Lair (0/6) D:8
    Orc: D:9-12

Altars:
Ashenzari
Cheibriados
Dithmenos
Elyvilon
Fedhas
Gozag
Hepliaklqana
Kikubaaqudgha
Makhleb
Nemelex Xobeh
Okawaru
Qazlal
Ru
Sif Muna
Trog
Uskayaw
Vehumet
Wu Jian
Xom
Yredelemnul
Zin
The Shining One

Shops:
D:2 [*(:


Innate Abilities, Weirdness & Mutations

You are small and have problems with some larger weapons.
You are completely attuned to the shadows.


Message History

The boulder beetle is heavily wounded.
You barely miss the boulder beetle.
The boulder beetle is heavily wounded.
The boulder beetle bites you.
Casting: Scorch (safe; 1% risk of failure)
Confirm with . or Enter, or press ? or * to list all spells.
Flames lash the boulder beetle but do no damage.
The centaur wields a +0 shortbow.
The centaur shoots an arrow.
The arrow misses you. The boulder beetle bites you!
The centaur shoots an arrow.
The arrow hits you!
The centaur shoots an arrow.
The arrow hits you!
The boulder beetle curls into a ball and begins rolling!
The centaur unwields a +0 shortbow.
The centaur hits you but does no damage.
The centaur kicks you. The centaur closely misses you.
The centaur barely misses you.
You hit the centaur but do no damage. The centaur closely misses you.
The centaur barely misses you. The centaur closely misses you.
The centaur misses you. The boulder beetle hits you!!
* * * LOW HITPOINT WARNING * * *
The boulder beetle stops rolling and uncurls.
You hit the centaur but do no damage. Your punch misses the centaur.
The centaur hits you but does no damage.
The centaur completely misses you.
Okay, then.
As you read the scroll of teleportation, it crumbles to dust.
You feel strangely unstable. The centaur closely misses you.
The centaur barely misses you. The boulder beetle bites you!
* * * LOW HITPOINT WARNING * * *
You hit the boulder beetle but do no damage.
The boulder beetle is heavily wounded.
The centaur hits you.
* * * LOW HITPOINT WARNING * * *
The centaur completely misses you.
You hit the boulder beetle but do no damage.
You punch the boulder beetle, but do no damage.
The boulder beetle is heavily wounded.
The boulder beetle bites you!!
You die...

#######
.......#
+#####
......@.#
.....#
.....Bc.#
.....#
........#
.....#
........#
...>.+
........#
.....#
........#
.....#
........#
.....#
........+
######
........#


You could see a boulder beetle and a centaur.

Vanquished Creatures
  2 hydras (D:8)
  A troll (D:10)
  A hornet (D:5)
  Grinder (D:4)
  2 dream sheep
  A shadow (D:10)
  A wyvern (D:8)
  10 yaks
  Eustachio (D:6)
  Edmund (D:6)
  An acid dragon (D:9)
  A water moccasin (D:5)
  2 black bears (D:8)
  3 ice beasts (D:6)
  3 orc warriors
  2 necrophages
  2 ogres (D:5)
  4 centaurs
  5 kobold brigands
  A gnoll sergeant (D:9)
  Blork the orc (D:6)
  6 bullfrogs
  4 scorpions
  A water moccasin skeleton (D:5)
  9 wights
  6 killer bees (D:9)
  6 electric eels (D:5)
  3 howler monkeys
  2 centaur zombies
  A bullfrog zombie (D:5)
  4 hounds
  4 orc priests
  2 bullfrog skeletons (D:5)
  Terence (D:2)
  2 iguanas (D:6)
  Natasha (D:2)
  6 orc wizards
  A killer bee zombie (D:8)
  A hound skeleton (D:5)
  A howler monkey zombie (D:7)
  Robin (D:3)
  3 gnolls (D:9)
  8 adders
  2 white imps
  2 ufetubi
  3 worms
  3 dart slugs
  13 orcs
  6 ball pythons
  An endoplasm (D:3)
  6 giant cockroaches
  10 goblins
  11 hobgoblins
  4 jackals
  35 kobolds
  6 quokkas
  6 bats
  3 frilled lizards
  2 rats (D:2)
232 creatures vanquished.

Vanquished Creatures (others)
  46 foxfires
  48 fungi (D:8)
  115 plants
209 creatures vanquished.

Grand Total: 441 creatures vanquished

Notes
Turn   | Place    | Note
-------+----------+-------------------------------------------
     0 | D:1      | promet the Kobold Cinder Acolyte began the quest for the
                  | Orb.
     0 | D:1      | Reached XP level 1. HP: 14/14 MP: 2/2
   311 | D:1      | Learned a level 1 spell: Shock
   322 | D:1      | Reached XP level 2. HP: 19/19 MP: 3/3
   355 | D:1      | Found a faded altar of an unknown god.
   874 | D:1      | Identified a scroll of acquirement
   874 | D:1      | Acquired a +8 quick blade
  1092 | D:2      | Noticed Natasha
  1098 | D:2      | Killed Natasha
  1099 | D:2      | Reached skill level 1 in Stealth
  1099 | D:2      | Reached XP level 3. HP: 17/24 MP: 0/4
  1154 | D:2      | Reached XP level 4. HP: 29/29 MP: 5/5
  1188 | D:2      | Found Bedghu's Armour Shoppe.
  1215 | D:2      | Noticed Terence
  1228 | D:2      | Killed Terence
  1229 | D:2      | Reached skill level 2 in Stealth
  1321 | D:2      | Reached skill level 5 in Short Blades
  1328 | D:2      | Reached skill level 1 in Dodging
  1452 | D:2      | Found Zejygefu's Weapon Boutique.
  1490 | D:2      | Learned a level 2 spell: Scorch
  1553 | D:2      | Reached XP level 5. HP: 26/33 MP: 6/6
  1628 | D:2      | Found a stormy altar of Qazlal.
  1745 | D:2      | Found Jodigg's Assorted Antiques.
  2030 | D:2      | Found Pishruum's Book Shoppe.
  2042 | D:2      | Reached skill level 3 in Stealth
  2683 | D:3      | Reached XP level 6. HP: 38/38 MP: 8/8
  2866 | D:3      | Noticed Robin
  2906 | D:3      | Killed Robin
  3707 | D:4      | Reached skill level 4 in Stealth
  3999 | D:4      | Noticed a necrophage
  4005 | D:4      | Killed a necrophage
  4006 | D:4      | Reached XP level 7. HP: 43/43 MP: 0/10
  4549 | D:4      | Noticed Grinder
  4558 | D:4      | Killed Grinder
  4559 | D:4      | Reached skill level 5 in Stealth
  4820 | D:5      | Entered Level 5 of the Dungeon
  4976 | D:5      | Learned a level 3 spell: Conjure Flame
  4977 | D:5      | Noticed a hornet
  4984 | D:5      | Killed a hornet
  4985 | D:5      | Reached skill level 6 in Stealth
  4985 | D:5      | Reached XP level 8. HP: 43/48 MP: 9/13
  5414 | D:5      | Reached skill level 5 in Fighting
  5435 | D:5      | Learned a level 2 spell: Call Imp
  5457 | D:5      | Reached XP level 9. HP: 38/54 MP: 15/15
  5458 | D:5      | Reached skill level 7 in Stealth
  5608 | D:5      | Reached skill level 1 in Conjurations
  5739 | D:6      | Noticed Edmund
  5740 | D:6      | Reached skill level 1 in Slings
  5740 | D:6      | Reached skill level 5 in Spellcasting
  5740 | D:6      | Reached skill level 1 in Air Magic
  5758 | D:6      | Killed Edmund
  5759 | D:6      | Reached skill level 5 in Fire Magic
  5903 | D:6      | Noticed Eustachio
  5907 | D:6      | Killed Eustachio
  5908 | D:6      | Reached skill level 1 in Evocations
  6365 | D:6      | Noticed Blork the orc
  6372 | D:6      | Killed Blork the orc
  6439 | D:6      | Reached skill level 8 in Stealth
  6979 | D:2      | Bought the +0 robe of Ornamental Mirth {rElec rPois Stlth+}
                  | for 282 gold pieces
  7463 | D:7      | Found a white marble altar of Elyvilon.
  7467 | D:7      | Found a stormy altar of Qazlal.
  7468 | D:7      | Found a glowing silver altar of Zin.
  7477 | D:7      | Found a burning altar of Makhleb.
  7479 | D:7      | Found an opulent altar of Gozag.
  7484 | D:7      | Found a broken altar of Ashenzari.
  7489 | D:7      | Found a snail-covered altar of Cheibriados.
  7493 | D:7      | Found an ornate altar of the Wu Jian Council.
  7495 | D:7      | Found a bloodstained altar of Trog.
  7893 | D:7      | Found a staircase to the Ecumenical Temple.
  7913 | D:7      | Reached XP level 10. HP: 46/60 MP: 19/19
  7922 | D:7      | Learned a level 1 spell: Magic Dart
  8168 | D:7      | Reached skill level 5 in Dodging
  8392 | D:8      | Reached skill level 9 in Stealth
  8474 | D:8      | Noticed a three-headed hydra
  8487 | D:8      | Killed a three-headed hydra
  8488 | D:8      | Reached skill level 1 in Summonings
  8731 | D:8      | Found a staircase to the Lair.
  8744 | D:8      | Noticed a four-headed hydra
  8754 | D:8      | Killed a four-headed hydra
  8755 | D:8      | Reached XP level 11. HP: 26/66 MP: 15/21
  9385 | D:8      | Reached skill level 1 in Maces & Flails
  9761 | D:8      | Found a basalt altar of Yredelemnul.
 10293 | D:9      | Reached skill level 10 in Stealth
 10469 | Temple   | Entered the Ecumenical Temple
 10562 | Temple   | Fell from the grace of Ignis
 10562 | Temple   | Became a worshipper of Vehumet
 10584 | Temple   | Learned a level 3 spell: Swiftness
 10588 | Temple   | Learned a level 3 spell: Mephitic Cloud
 10593 | Temple   | Learned a level 4 spell: Airstrike
 11133 | D:9      | You fall into a shaft and drop 1 floor!
 11133 | D:10     | Entered Level 10 of the Dungeon
 11534 | D:10     | Noticed a boulder beetle
 11555 | D:10     | Mangled by a boulder beetle

Illustrated notes

Levels and vault maps discovered:
D:1:      psy_arrival_radial02, layout_loops_cross,
          hellmonk_ecumenical_altar_pennies_from_heaven
D:2:      layout_basic, basic_altar, serial_shops, nicolae_shop_statue_plus,
          nicolae_shop_stone, shop, shop, minmay_pentomino_pile, uniq_natasha,
          uniq_terence
D:3:      layout_basic, serial_rivers, chequers_serial_rivers_large_a,
          chequers_serial_rivers_room_b, chequers_serial_rivers_micro_b,
          chequers_serial_rivers_micro_b, minmay_misc_feat_pillars, uniq_robin
D:4:      layout_loops_cross, uniq_grinder
D:5:      cheibrodos_two_vegetables, layout_basic,
          chequers_serial_rivers_small_a
D:6:      layout_basic, uniq_eustachio, uniq_blork_the_orc, uniq_edmund
D:7:      layout_loops_ring, nicolae_overflow_hallway_of_the_gods,
          minmay_temple_entry_nine_rooms, serial_glass, glass_columns_a,
          glass_columns_a, item_on_display_a, item_on_display_a,
          item_on_display_a, feat_on_display, chequers_avenue
D:8:      kennysheep_kobold_camp, layout_loops_ring, kennysheep_mini_moat,
          due_lair_maze_entry_diamond, hangedman_ranch
D:9:      layout_roguey, enter_bailey_2, minmay_holes
D:10:     layout_roguey, orc_0_dummy, serial_shops, shop, roderic_lattice_a,
          kennysheep_generic_room_11
Temple:   nicolae_temple_x_marks_the_god

Skill      XL: |  1  2  3  4  5  6  7  8  9 10 11 |
---------------+----------------------------------+-----
Stealth        | 1 2 3 4 6 8 9 10 | 10.8
Short Blades   | 5 6 7 8 9 |  9.0
Fighting       | 4 5 6 7 |  7.2
Dodging        | 1 2 3 4 7 8 |  8.4
Spellcasting   | 2 3 4 6 7 8 |  8.3
Fire Magic     | 4 5 6 |  6.5
Conjurations   | 1 |  1.3
Slings         | 1 |  1.3
Air Magic      | 1 |  1.9
Evocations     | 2 |  2.2
Summonings     | 1 |  1.4
Maces & Flails | 1 |  1.2
Crossbows      | |  0.1

Action                   |  1- 3 |  4- 6 |  7- 9 | 10-12 || total
-------------------------+-------+-------+-------+-------++-------
Melee: Short sword       |    51 |   152 |    14 |       ||   217
       Quick blade       |     8 |    28 |   112 |   265 ||   413
       Punch             |       |     1 |       |     3 ||     4
       Flail             |       |       |       |     3 ||     3
       Dagger            |       |       |       |    22 ||    22
 Fire: Hunting sling     |       |     1 |    15 |       ||    16
       Shortbow          |       |       |     2 |       ||     2
       Hand crossbow     |       |       |       |     2 ||     2
Throw: Dart              |       |       |       |     1 ||     1
 Cast: Shock             |     4 |     9 |     4 |    19 ||    36
       Scorch            |       |    15 |    20 |    18 ||    53
       Call Imp          |       |       |     1 |     3 ||     4
       Swiftness         |       |       |       |     1 ||     1
Invok: Fiery Armour      |       |     1 |     4 |     1 ||     6
       Foxfire Swarm     |       |       |     2 |     2 ||     4
Evoke: Wand              |       |       |     6 |     2 ||     8
  Use: Scroll            |     4 |     6 |     5 |     5 ||    20
       Potion            |     1 |     1 |     1 |     6 ||     9
 Stab: Sleeping          |     4 |    11 |    12 |    24 ||    51
       Distracted        |       |     1 |       |     2 ||     3
Armor: Robe              |    10 |    24 |    20 |    25 ||    79
Dodge: Dodged            |    35 |   118 |    44 |   120 ||   317
